 Dungeon Crawl Stone Soup version 0.21-a0-264-g3e31e41 (webtiles) character file.

93 namelastname112 the Sneak (level 4, -15/37 HPs)
             Began as a Draconian Assassin on Sept 9, 2017.
             Killed from afar by Ijyb (23 damage)
             ... with a wand of acid (?/15)
             ... on level 3 of the Dungeon.
             The game lasted 00:01:48 (2106 turns).

namelastname112 the Sneak (Draconian Assassin)      Turns: 2106, Time: 00:01:49

Health: -15/37     AC:  5    Str: 13    XL:     4   Next: 37%
Magic:  4/4        EV: 12    Int: 12    God:
Gold:   103        SH:  0    Dex: 13    Spells: 3/3 levels left

rFire    . . .     SeeInvis .   a - +2 dagger
rCold    . . .     Gourm    .   (no shield)
rNeg     . . .     Faith    .   (armour unavailable)
rPois    .         Spirit   .   x - +0 hat
rElec    .         Reflect  .   c - +0 cloak
rCorr    .         Harm     .   (no gloves)
MR       .....                  (no boots)
Stlth    +++.......             t - amulet of magic regeneration
HPRegen  0.12/turn              k - +3 ring of protection
MPRegen  0.34/turn              (no ring)

@: corroded
A: unfitting armour, cold-blooded, AC +5
a: no special abilities


You were on level 3 of the Dungeon.
You were hungry.

You visited 1 branch of the dungeon, and saw 3 of its levels.

You collected 103 gold pieces.

Inventory:

Hand Weapons
 a - a +2 dagger (weapon)
 b - a +0 blowgun
Missiles
 d - 21 poisoned needles
 e - 2 curare-tipped needles
Armour
 c - a +0 cloak (worn)
 x - a +0 hat (worn)
Jewellery
 k - a +3 ring of protection (left hand)
 p - a +3 ring of evasion {unknown}
 t - an amulet of magic regeneration (around neck)
Wands
 s - a wand of iceblast (10/15)
Scrolls
 i - 2 scrolls of remove curse {unknown}
 l - a scroll of noise {unknown}
 n - a scroll of recharging {unknown}
 o - 2 scrolls of identify {unknown}
 q - a scroll of magic mapping {unknown}
 r - a scroll of blinking {unknown}
 w - a scroll of teleportation {unknown}
Potions
 h - a potion of haste {unknown}
 m - 2 potions of curing {unknown}
 u - a potion of heal wounds {unknown}
Comestibles
 f - a bread ration
 g - a fruit
 j - 4 meat rations
 v - a royal jelly
 z - 2 chunks of flesh


   Skills:
 + Level 2.6 Fighting
 * Level 3.2 Short Blades
 - Level 1.7 Throwing
 + Level 1.6 Dodging
 * Level 4.4 Stealth


You had 3 spell levels left.
You didn't know any spells.

Dungeon Overview and Level Annotations

Branches:
Dungeon (3/15)

Altars:

Annotations:
D:3 Ijyb


Innate Abilities, Weirdness & Mutations

Your plain brown scales are hard. (AC +5)
You cannot fit into any form of body armour.
You are cold-blooded and may be slowed by cold attacks.


Message History

Ijyb the Twisted Goblin comes into view.
She is wielding a club.
Ijyb shouts!
Ijyb hits you but does no damage.
You closely miss Ijyb. Ijyb hits you with a club.
You take 1 damage, and have 36/37 hp.
You hit Ijyb but do no damage.
Ijyb zaps a wand.
The bolt of acid misses you.
It is a wand of acid (?/15).
You hit Ijyb but do no damage. Ijyb barely misses you.
You hit Ijyb but do no damage. You closely miss Ijyb.
Ijyb zaps a wand.
The bolt of acid hits you! The acid corrodes you!
You are splashed with acid!
The acid burns!
* * * LOW HITPOINT WARNING * * *
You take 27 damage, and have 9/37 hp.
MASSIVE DAMAGE!!
You barely miss Ijyb.
Your tail-slap misses Ijyb.
Ijyb hits you with a club.
* * * LOW HITPOINT WARNING * * *
You take 1 damage, and have 8/37 hp.
You hit Ijyb but do no damage. Ijyb completely misses you.
You closely miss Ijyb.
Ijyb zaps a wand.
The bolt of acid hits you!
Ouch! That really hurt!
You die...

#
##########################
)........................#
########################.#
# #.# # #.# # #.# #..#
###############.# ##.#
......g@...)..#.# ##.#
.#...#...#...##.# ##.#
................# ##.#
.#...#...#...#..# ##.#
..............#.#
##.####################..#
##.##.......# ###
...##.......#
#..##.......#


You could see Ijyb.

Vanquished Creatures
  4 adders
  3 worms
  A dart slug (D:3)
  A leopard gecko (D:2)
  7 bats
  A giant cockroach (D:1)
  3 goblins
  6 hobgoblins
  7 jackals
  2 frilled lizards (D:2)
  3 kobolds
  9 rats
47 creatures vanquished.

Notes
Turn   | Place    | Note
-------+----------+-------------------------------------------
     0 | D:1      | namelastname112 the Draconian Assassin began the quest for the Orb.
     0 | D:1      | Reached XP level 1. HP: 17/17 MP: 1/1
   176 | D:1      | Reached skill level 1 in Dodging
   202 | D:1      | Reached XP level 2. HP: 19/25 MP: 2/2
   809 | D:2      | Reached skill level 4 in Stealth
   809 | D:2      | Reached XP level 3. HP: 24/30 MP: 3/3
  1684 | D:3      | Reached XP level 4. HP: 18/37 MP: 4/4
  2095 | D:3      | Noticed Ijyb
  2106 | D:3      | Killed from afar by Ijyb

Vault maps used:
D:1:      eino_arrival_druids_welcome
D:3:      lemuel_coloured_pillars_altar, first_bread, uniq_ijyb

Skill      XL: |  1  2  3 |
---------------+----------+-----
Dodging        | 1 |  1.6
Stealth        | 4 |  4.4
Short Blades   | 3 |  3.2
Fighting       | |  2.6
Throwing       | |  1.7

Action                   |  1- 3 |  4- 6 || total
-------------------------+-------+-------++-------
Melee: Dagger            |   117 |    72 ||   189
       Tailslap          |    13 |     8 ||    21
 Stab: Sleeping          |    12 |       ||    12
  Eat: Chunk             |     2 |     1 ||     3
Armor: Skin              |    50 |    19 ||    69
Dodge: Dodged            |    63 |    38 ||   101

Table legend:
 A = Spawn XP
 B = Non-spawn XP
 C = Spawn XP percentage of total XP
 D = Spawn monster count
 E = Non-spawn monster count
 F = Spawn count percentage of total count
 G = Total turns spent on level
                    A         B        C        D         E        F      G
               +---------+---------+-------+---------+---------+-------+---------
         Total |       0 |     134 |   0.0 |       0 |      47 |   0.0 |  2106
               +---------+---------+-------+---------+---------+-------+---------
           D:1 |       0 |      18 |   0.0 |       0 |      12 |   0.0 |   670
           D:2 |       0 |      76 |   0.0 |       0 |      21 |   0.0 |   945
           D:3 |       0 |      40 |   0.0 |       0 |      14 |   0.0 |   491
               +---------+---------+-------+---------+---------+-------+---------
